 Dungeon Crawl Stone Soup version 0.19-a0-14-gde87d98 (webtiles) character file.

137 Duffy the Chopper (level 5, -1/38 HPs)
             Began as a Formicid Warper on Apr 29, 2016.
             Was a Follower of Cheibriados.
             Slain by an orc
             ... wielding a +0 dagger
              (3 damage)
             ... on level 3 of the Dungeon.
             The game lasted 00:02:56 (2989 turns).

Duffy the Chopper (Formicid Warper)                 Turns: 2989, Time: 00:02:57

Health: -1/38      AC:  5    Str: 19    XL:     5   Next: 44%
Magic:  0/8        EV: 11    Int: 14    God:    Cheibriados [*.....]
Gold:   53         SH:  0    Dex: 12    Spells: 1 memorised, 7 levels left

rFire  . . .     SeeInvis +     a - +0 hand axe
rCold  . . .     Gourm    .     s - +0 ring mail
rNeg   . . .     Faith    .     (no shield)
rPois  .         Spirit   .     (helmet unavailable)
rElec  .         Dismiss  .     (no cloak)
rCorr  .         Reflect  .     (no gloves)
SustAt .         Harm     .     (no boots)
MR     .....                    (no amulet)
Stlth  +.........               (no ring)
                                (no ring)

@: very slow, not resistant to hostile enchantments, very unstealthy
A: permanent stasis, dig shafts and tunnels, four strong arms, antennae 3
a: Dig, Shaft Self, Bend Time, Renounce Religion


You were on level 3 of the Dungeon.
You worshipped Cheibriados.
Cheibriados was aware of your devotion.
You were not hungry.

You visited 1 branch of the dungeon, and saw 3 of its levels.

You collected 53 gold pieces.


Innate Abilities, Weirdness & Mutations

You are under a permanent stasis effect.
You can dig through walls and to a lower floor.
Your four strong arms can wield two-handed weapons with a shield.
You have a pair of large antennae on your head (SInv).


   Skills:
 - Level 2.1 Fighting
 + Level 5.2 Axes
 - Level 1.0 Throwing
 - Level 1.1 Armour
 - Level 1.7 Dodging
 - Level 2.1 Spellcasting
 - Level 2.6 Translocations


You had 7 spell levels left.
You knew the following spells:

 Your Spells              Type           Power        Failure   Level  Hunger
a - Apportation           Tloc           #.........   14%         1    #......

Inventory:

Hand Weapons
 a - a +0 hand axe (weapon)
Missiles
 e - 5 tomahawks of dispersal (quivered)
Armour
 b - a +0 leather armour
 s - a +0 ring mail (worn)
Scrolls
 d - a scroll of blinking
 g - a scroll of magic mapping {unknown}
 h - a scroll of amnesia {unknown}
 k - a scroll of random uselessness {unknown}
 l - 2 scrolls of remove curse {unknown}
 m - 3 scrolls of teleportation
 o - a scroll of enchant armour {unknown}
 p - a scroll of fog {unknown}
Books
 c - a book of Spatial Translocations
Comestibles
 f - 2 bread rations
 i - a royal jelly
 j - 2 meat rations
 q - 3 fruits
 r - 2 chunks of flesh

Dungeon Overview and Level Annotations

Branches:
Dungeon (3/15)

Altars:
Cheibriados
Gozag
Okawaru


Message History

The orc priest is severely wounded.
The orc priest hits you with an antimagic flail!
You feel your power leaking away.
You barely miss the orc priest.
The orc priest is severely wounded.
The orc priest barely misses you.
You are too injured to fight recklessly!
You are too injured to fight recklessly!
You are too injured to fight recklessly!
You barely miss the orc priest.
The orc priest is severely wounded.
The orc priest calls down the wrath of Beogh upon you.
Beogh smites you!
You barely miss the orc priest.
The orc priest is severely wounded.
The orc priest barely misses you.
Drink which item? (? for menu, Esc to quit)
You feel better. The orc priest barely misses you.
You hit the orc priest but do no damage.
The orc priest is severely wounded.
The orc priest barely misses you.
You hit the orc priest but do no damage.
The orc priest is severely wounded.
The orc priest hits you with an antimagic flail!
You hit the orc priest.
The orc priest is almost dead.
You barely miss the orc priest.
The orc priest is almost dead.
The orc priest hits you with an antimagic flail!
You feel your power leaking away.
You hit the orc priest but do no damage.
The orc priest is almost dead.
The orc priest misses you.
You hit the orc priest but do no damage.
The orc priest is almost dead.
The orc priest barely misses you.
You hit the orc priest.
You kill the orc priest!
Cheibriados appreciates the change of pace.
Your Axes skill increases to level 5!
You hit the orc.
The orc is moderately wounded.
The orc barely misses you.
You closely miss the orc.
The orc is moderately wounded.
The orc hits you with a dagger.
You hit the orc.
The orc is heavily wounded.
The orc hits you with a dagger.
You die...

#...##########...
##.## #... #..#
#... ##.# ##..
#.# #.. #.# #..
###)# #.. ##o#.#
#.. #@#{># #..
####.# ### #.# #
#># . ... { . ...
.. ..... .o...
......#


You could see an orc.

Action                   |  1- 3 |  4- 6 || total
-------------------------+-------+-------++-------
Melee: Hand axe          |   126 |   112 ||   238
 Abil: Dig               |       |     2 ||     2
  Use: Potion            |       |     4 ||     4
       Scroll            |       |     1 ||     1
  Eat: Chunk             |     3 |     4 ||     7
Armor: Leather armour    |    47 |    19 ||    66
       Ring mail         |       |     1 ||     1
Dodge: Dodged            |    94 |    62 ||   156

Notes
Turn   | Place    | Note
--------------------------------------------------------------
     0 | D:1      | Duffy the Formicid Warper began the quest for the Orb.
     0 | D:1      | Reached XP level 1. HP: 16/16 MP: 3/3
   298 | D:1      | Reached XP level 2. HP: 22/22 MP: 5/5
   587 | D:1      | Reached skill level 3 in Axes
   959 | D:1      | Reached XP level 3. HP: 25/27 MP: 6/6
  1038 | D:2      | Found an iron altar of Okawaru.
  1519 | D:2      | Found an opulent altar of Gozag.
  1971 | D:2      | Found a snail-covered altar of Cheibriados.
  1974 | D:2      | Became a worshipper of Cheibriados the Contemplative
  1981 | D:2      | Reached XP level 4. HP: 28/33 MP: 7/7
  1982 | D:2      | Reached skill level 4 in Axes
  2599 | D:2      | Noticed an ogre
  2681 | D:3      | Reached XP level 5. HP: 14/38 MP: 8/8
  2936 | D:3      | Reached * piety under Cheibriados
  2986 | D:3      | Reached skill level 5 in Axes
  2989 | D:3      | Slain by an orc

Skill      XL: |  1  2  3  4  5 |
---------------+----------------+-----
Axes           | 3 4 5 |  5.2
Fighting       | |  2.1
Throwing       | |  1.0
Armour         | |  1.1
Dodging        | |  1.7
Spellcasting   | |  2.1
Translocations | |  2.6

Vault maps used:
D:1:      denvon_arrival_planthouse, minmay_misc_feat_diagonals
D:2:      kennysheep_okawaru_gauntlet, grunt_gozag_breadcrumbs,
          overflow_temple_1_default, first_bread
D:3:      demons_altar, ecumenical_altar_1, minmay_misc_feat_encased,
          grunt_qazlal_clouds, uniq_sigmund, uniq_iyjb

Vanquished Creatures
  An orc priest
  An iron imp
  2 adders
  A worm
  3 dart slugs
  2 giant geckos
  2 orcs
  9 bats
  6 giant cockroaches
  8 goblins
  4 hobgoblins
  A ball python
  3 giant newts
  3 kobolds
  8 rats
54 creatures vanquished.
